Bob, neutral male human Tourist --- --.----- --- |......-- |..|--- |-......---- -..|..-- |...--.....-|.......| ----...|---....--<.....| |......----...........-- |......[.|.......---..-- --.......[.......| --.)- |....---*.......| |.).. ----..|--.......-- --.). |..| --.......---.... --- ---- --...--.....G.. --.--- |....|---..@. |....| ---....-- ..d. |-...-- |........| |.....---.-..--... --............%... ---------------- Bob the Sightseer Experience level: 4 Strength: 16 Dexterity: 10 Constitution: 15 Intelligence: 11 Wisdom: 8 Charisma: 14 Health: 0(39) Energy: 16(16) Def: 8 Gold: 798 Moves: 1433 Dungeon seed: 6T4jgHFCQmt7bQzl Game ID: Bob_1624536098 Your Inventory: Coins $ - 798 gold pieces Amulets B - an uncursed amulet versus poison (being worn) Weapons a - 33 +2 darts (in quiver) q - 3 +0 daggers r - a +0 dagger (weapon in hand) C - 11 cursed -2 elven arrows L - 6 +0 darts Armor e - an uncursed +0 Hawaiian shirt (being worn) y - an uncursed +0 pair of low boots (being worn) z - an uncursed +0 splint mail (being worn) N - an uncursed +0 orcish helm (being worn) Q - an uncursed +0 dwarvish cloak R - an uncursed +0 pair of iron shoes T - a cursed -1 pair of iron shoes Comestibles b - an uncursed tin of kobold meat c - 2 uncursed tripe rations d - an uncursed carrot f - an uncursed apple g - 4 uncursed food rations i - an uncursed egg v - an uncursed pear Scrolls l - 4 uncursed scrolls of magic mapping p - a blessed scroll of create monster x - a cursed scroll of enchant weapon E - an uncursed scroll of enchant weapon O - a blessed scroll of enchant weapon Spellbooks F - a cursed spellbook of cure sickness Potions o - an uncursed potion of booze t - an uncursed potion of blindness w - a cursed potion of booze A - an uncursed potion of confusion G - a blessed potion of speed M - an uncursed potion of healing Rings S - a cursed ring of teleportation Wands u - a wand of make invisible (0:7) Tools m - an expensive camera (0:89) n - an uncursed credit card H - an uncursed tallow candle (0:200) Gems I - an uncursed worthless piece of violet glass P - an uncursed amber stone U - an uncursed black opal Y - an uncursed worthless piece of red glass Spells and supernatural/magical abilities: Name Level Category Fail Memory W - pray for help -- divine ? -- Your skills at the end: Fighting Skills Weapon Skills dart [Basic] Spellcasting Skills Final Attributes: You were piously aligned. You were poison resistant. You were lucky. You are dead. Vanquished creatures: a dwarf lord a gnome lord 2 dwarves a yellow mold 10 gnomes a gnome zombie 6 jackals a kobold a goblin 3 grid bugs 3 lichens 5 newts 35 creatures vanquished. Voluntary challenges: You were an atheist. You used a wielded weapon 23 times, starting on turn 246. You read items or engraved 1 time, starting on turn 1026. You never genocided any monsters. You never polymorphed an object. You never changed form. You used no wishes. You never split a pudding. You never wrote Elbereth's name. You never violated your personal moral code. Dungeon overview: The Dungeons of Doom: levels 1 to 4 Level 1 a long staircase Level 2 Level 3 Level 4 some fountains stairs to The Gnomish Mines The Gnomish Mines: levels 5 to 6 Level 5 stairs to The Dungeons of Doom Level 6 <- You were here History has recorded: On T:1 you entered the Dungeons of Doom to retrieve the Amulet of Yendor! On T:154 you reached level 2 of The Dungeons of Doom. On T:264 you reached level 3 of The Dungeons of Doom. On T:837 you reached level 4 of The Dungeons of Doom. On T:1123 you reached level 1 of The Gnomish Mines. On T:1159 you advanced to experience level 2. On T:1191 you reached level 2 of The Gnomish Mines. On T:1318 you advanced to experience level 3. On T:1418 you advanced to experience level 4. Score breakdown: Gold: 591 ( 9430 points) Experience: 4 levels ( 9649 points) Exploration: 6 levels ( 11.32%) ( 9302 points) Discoveries: 0 items ( 0.00%) ( 0 points) Valuables value: (no points given unless you survive) Artifact value: 0 ( 0 points) Variety of kills: 12 monsters ( 3.15%) ( 5324 points) Turncount: 1433 turns ( 0 points) Survival: died (score multiplied by 80%) Total score: 26964 Latest messages: The dog eats a dwarf lord corpse. The gnome lord is blinded by the flash! The gnome lord turns to flee! You miss the gnome lord. There are a few objects here. You have a little trouble lifting q - a dagger. You have a little trouble lifting T - a pair of hard shoes. You have a little trouble lifting U - a black gem. The gnome swings his bow. The gnome hits! You miss the gnome. You hit the gnome. The gnome swings his bow. The gnome hits! You hit the gnome. The gnome swings his bow. The gnome hits! You die... Final status: Aloha Bob the Tourist, killed by a gnome... You died in The Gnomish Mines on dungeon level 6 with 26964 points, and 798 pieces of gold, after 1433 moves. You were level 4 with a maximum of 39 hit points when you died.